 Dungeon Crawl Stone Soup version 0.29-a0-275-g389c0b56f3 (webtiles) character file.

Game seed: 7647766357912032475

53 Murumi the Skirmisher (level 3, 0/42 HPs)
             Began as an Ogre Fighter on Mar 9, 2022.
             Succumbed to a kobold's poison
             ... on level 2 of the Dungeon.
             The game lasted 00:05:06 (1876 turns).

Murumi the Skirmisher (Ogre Fighter)                Turns: 1876, Time: 00:05:06

Health: 0/42       AC:  3    Str: 20    XL:     3   Next: 89%
Magic:  3/3        EV:  8    Int: 11    God:
Gold:   85         SH:  7    Dex:  8    Spells: 2/2 levels left

rFire   . . .      SeeInvis .   a - +0 flail
rCold   . . .      Faith    .   c - +0 kite shield
rNeg    . . .      Spirit   .   b - +0 robe
rPois   .          Reflect  .   (helmet restricted)
rElec   .          Harm     .   (no cloak)
rCorr   .          Rampage  .   (gloves unavailable)
Will    .....                   (boots unavailable)
Stlth   +.........              (no amulet)
HPRegen 0.14/turn               (no ring)
MPRegen 0.08/turn               (no ring)

@: brilliant, lethally poisoned (0 -> -5)
A: large, unfitting armour, tough skin 1
a: no special abilities


You were on level 2 of the Dungeon.
You visited 1 branch of the dungeon, and saw 2 of its levels.

You collected 85 gold pieces.

Inventory:

Hand Weapons
 a - a +0 flail (weapon)
Missiles
 g - 78 stones (quivered)
 h - 3 javelins
 i - 3 poisoned darts
Armour
 b - a +0 robe (worn)
 c - a +0 kite shield (worn)
Jewellery
 e - a ring of fire
Scrolls
 f - a scroll of holy word
Potions
 d - a potion of might


   Skills:
 - Level 5.0 Fighting
 - Level 2.0 Maces & Flails
 + Level 1.4 Throwing
 - Level 3.0 Dodging
 - Level 3.0 Shields


You had 2 spell levels left.
You didn't know any spells.
Your spell library was empty.

Dungeon Overview and Level Annotations

Branches:
Dungeon (2/15)

Altars:


Innate Abilities, Weirdness & Mutations

You are too large for most types of armour.
You have tough skin. (AC +1)


Message History

Found a stone staircase leading down.
There is a stone staircase leading down here.
There is a stone staircase leading down here.
A kobold comes into view. It is wielding a +2 whip of venom.
The kobold shouts!
The kobold unwields a +2 whip of venom.
It stops dripping with poison.
The kobold wields a +0 hand crossbow.
The kobold shoots a bolt.
You block the bolt.
The kobold shoots a bolt.
The bolt hits you.
The kobold shoots a bolt.
You block the bolt.
The kobold unwields a +0 hand crossbow.
The kobold wields a +2 whip of venom.
It begins to drip with poison!
The kobold hits you with a +2 whip of venom.
You are poisoned.
You closely miss the kobold.
You feel sick.
The kobold hits you with a +2 whip of venom.
You are more poisoned.
The kobold hits you with a +2 whip of venom.
You are lethally poisoned!
You are too injured to fight recklessly!
You sock the kobold!
You kill the kobold!
You feel extremely sick.
There is a lethal amount of poison in your body!
It was a potion of brilliance.
You feel clever all of a sudden.
* * * LOW HITPOINT WARNING * * *
You feel very sick.
Okay, then.
* * * LOW HITPOINT WARNING * * *
You feel very sick.
Things that are here:
a +2 whip of venom; a +0 hand crossbow; a kobold corpse
* * * LOW HITPOINT WARNING * * *
You feel very sick.
* * * LOW HITPOINT WARNING * * *
You feel sick.
* * * LOW HITPOINT WARNING * * *
You feel sick.
You die...

########## ### ####..).....#
########.. #...........#
#.....##..
######.##........#
#.....##..
#......######.####
#.....##.. ###.#....# #@#
####.....##.. ##...#....#
#.# #........#...
>..###....# #.# .####.......
#### #....# #.## ##..###†#
#....######... ###..####.# #
#...........## ##....# #..#
##
#.......##..^####..##.###.##
.## ######..#
#.......###.##....
†.#########..#
#.####...##.#....#


There were no monsters in sight!

Vanquished Creatures
  2 adders (D:2)
  2 worms (D:2)
  5 bats
  2 endoplasms
  3 giant cockroaches (D:2)
  2 goblins
  5 hobgoblins
  2 quokkas (D:1)
  A ball python (D:2)
  3 kobolds
27 creatures vanquished.

Notes
Turn   | Place    | Note
-------+----------+-------------------------------------------
     0 | D:1      | Murumi the Ogre Fighter began the quest for the Orb.
     0 | D:1      | Reached XP level 1. HP: 24/24 MP: 1/1
   508 | D:1      | Reached XP level 2. HP: 27/32 MP: 2/2
  1403 | D:2      | Reached XP level 3. HP: 40/40 MP: 3/3
  1587 | D:2      | Reached skill level 5 in Fighting
  1686 | D:2      | Reached skill level 1 in Throwing
  1875 | D:2      | HP: 2/42 [poisoned by a kobold]
  1876 | D:2      | Succumbed to a kobold's poison

Illustrated notes

Levels and vault maps discovered:
D:1:      kilobyte_arrival_exit_the_forest, layout_loops_ring, serial_forest,
          infiniplex_forest_straight_4, infiniplex_forest_clump_tiny,
          infiniplex_forest_side_room, infiniplex_forest_lined_room_3
D:2:      layout_rooms

Skill      XL: |  1  2  3 |
---------------+----------+-----
Maces & Flails | 2 |  2.0
Dodging        | 3 |  3.0
Shields        | 3 |  3.0
Fighting       | 5 |  5.0
Throwing       | 1 |  1.4

Action                   || total
-------------------------++-------
Melee: Flail             ||   119
Throw: Stone             ||     5
  Use: Scroll            ||     3
       Potion            ||     1
Armor: Robe              ||    52
Dodge: Dodged            ||    52
Block: Kite shield       ||    39

Table legend: (Time is in decaauts)
 A = Elapsed time spent in this place.
 B = Non-inter-level travel time spent in this place.
 C = Inter-level travel time spent in this place.
 D = Time resting spent in this place.
 E = Time spent auto-exploring this place.
 F = Levels seen in this place.
 G = Mean time per level.
                   A        B        C        D        E       F      G
               +--------+--------+--------+--------+--------+-----+--------+
         Total |   1940 |   1864 |     76 |      0 |   1556 |   2 |  970.0 |
       Dungeon |   1940 |   1864 |     76 |      0 |   1556 |   2 |  970.0 |
               +--------+--------+--------+--------+--------+-----+--------+

Top non-repeatable levels by time:
     D:1: 1308 daAuts
     D:2: 632 daAuts
